 Dungeon Crawl Stone Soup version 0.22.1-1-ga44c0e56f4 (webtiles) character file.

14 Jynx the Insei (level 2, 0/18 HPs)
             Began as an Octopode Transmuter on Oct 30, 2018.
             Slain by Terence
             ... wielding a +0 short sword
              (2 damage)
             ... on level 2 of the Dungeon.
             The game lasted 00:01:56 (896 turns).

Jynx the Insei (Octopode Transmuter)                 Turns: 896, Time: 00:01:57

Health: 0/18       AC:  1    Str:  9    XL:     2   Next: 45%
Magic:  2/5        EV: 13    Int: 15    God:
Gold:   55         SH:  0    Dex: 12    Spells: 2/5 levels left

rFire    . . .     SeeInvis .     - Unarmed
rCold    . . .     Gourm    .   (no shield)
rNeg     . . .     Faith    .   (helmet restricted)
rPois    .         Spirit   .   (no amulet)
rElec    .         Reflect  .   (no ring)
rCorr    .         Harm     .   (no ring)
MR       .....                  (no ring)
Stlth    ++........             (no ring)
HPRegen  0.06/turn              (no ring)
MPRegen  0.09/turn              (no ring)
                                (no ring)
                                (no ring)

@: appendage
A: almost no armour, stealthy swim, amphibious, 8 rings, constrict 8, tentacle
spike 3, camouflage 1, gelatinous body 1
a: End Transformation


You were on level 2 of the Dungeon.
You were not hungry.
One of your tentacles had a temporary spike.
You visited 1 branch of the dungeon, and saw 2 of its levels.

You collected 55 gold pieces.

Inventory:

Missiles
 a - 21 arrows
Jewellery
 j - an uncursed amulet of regeneration {unknown}
Scrolls
 b - a scroll of fog {unknown}
 d - 2 scrolls of remove curse {unknown}
 e - a scroll of magic mapping {unknown}
 g - a scroll of noise {unknown}
 i - a scroll of blinking {unknown}
Potions
 f - a potion of agility {unknown}
 h - a potion of heal wounds {unknown}
 k - a potion of curing {unknown}
Comestibles
 c - 2 rations


   Skills:
 - Level 1.0 Fighting
 + Level 2.2 Dodging
 - Level 3.0 Unarmed Combat
 + Level 2.2 Spellcasting
 * Level 2.5 Transmutations


You had 2 spell levels left.
You knew the following spells:

 Your Spells              Type           Power        Failure   Level  Hunger
a - Beastly Appendage     Tmut           #.....       8%          1    #......
b - Sticks to Snakes      Tmut           #.......     12%         2    ###....

Your spell library contained the following spells:

 Spells                   Type           Power        Failure   Level  Hunger
 Spider Form              Tmut/Pois      #.........   36%         3    ###....
 Ice Form                 Ice/Tmut       #.......     77%         4    #####..
 Blade Hands              Tmut           #.........   91%         5    ######.


Dungeon Overview and Level Annotations

Branches:
Dungeon (2/15)

Altars:

Annotations:
D:2 Terence


Innate Abilities, Weirdness & Mutations

You cannot wear most types of armour.
You are very stealthy in the water. (Stealth+)
You are amphibious.
You can wear up to eight rings at the same time.
You can use your tentacles to constrict eight enemies at once.
Your skin changes colour to match your surroundings (Stealth+).
Your rubbery body absorbs attacks. (AC +1, EV +1)
One of your tentacles bears a large vicious spike.


Message History

* * * LOW HITPOINT WARNING * * *
Your ball python bites Terence but does no damage.
Your ball python constricts Terence.
You tentacle-slap Terence.
Terence is heavily wounded.
Terence completely misses you.
Your ball python bites Terence but does no damage.
Your ball python constricts Terence.
You tentacle-slap Terence.
You pierce Terence, but do no damage.
Terence is heavily wounded.
Terence hits you with a short sword.
* * * LOW HITPOINT WARNING * * *
Your ball python bites Terence but does no damage.
Your ball python constricts Terence.
Unknown command.
You tentacle-slap Terence but do no damage.
You pierce Terence!
Terence is almost dead.
Terence hits you with a short sword.
You die...

#.#
#.#
#.#
#.#
#.#
#.#
#S#
#@#
#@#
###


You could see Terence and a friendly ball python.

Vanquished Creatures
  2 leopard geckos (D:1)
  A bat (D:1)
  A goblin (D:1)
  2 hobgoblins (D:1)
  A quokka (D:2)
  A frilled lizard (D:1)
  A kobold (D:1)
  3 rats
12 creatures vanquished.

Notes
Turn   | Place    | Note
-------+----------+-------------------------------------------
     0 | D:1      | Jynx the Octopode Transmuter began the quest for the Orb.
     0 | D:1      | Reached XP level 1. HP: 13/13 MP: 3/3
   294 | D:1      | Reached XP level 2. HP: 14/18 MP: 3/5
   806 | D:2      | Noticed Terence
   884 | D:1      | Learned a level 2 spell: Sticks to Snakes
   896 | D:2      | Slain by Terence

Action                   || total
-------------------------++-------
Melee: Unarmed           ||    37
       Constrict         ||     7
       Kick              ||    10
       Tentacles         ||     5
       Punch             ||     2
 Cast: Beastly Appendage ||    10
       Sticks to Snakes  ||     1
 Stab: Sleeping          ||     3
Armor: Skin              ||     2
Dodge: Dodged            ||    29
